Map: [ESL] Crimson Court

Players

SKillous - Winner!

  • Race: Protoss Protoss
  • Spawn Location: 7:00

Harstem

  • Race: Protoss Protoss
  • Spawn Location: 1:00

Event: ESL SC2 Masters 2024 Spring (Regional)

VOD

Have the link to the VOD?

Description

Time

  • Played on: May 2, 2024, 10:21 a.m.
  • Length: 6:04

All games in this series

Show
View Real Time Build Order
Export as new Build Order

SKillous Protoss - Winner!

Build Orders: Oracle Opening 

Get SALT Encoding   

  12  0:00  Probe  
  13  0:12  Probe  
  14  0:17  Pylon  
  14  0:24  Probe (Chrono Boost)  
  15  0:36  Probe (Chrono Boost)  
  15  0:38  Gateway  
  16  0:44  Probe (Chrono Boost)  
  16  0:46  Assimilator  
  17  0:51  Probe  
  17  0:54  Assimilator  
  18  1:03  Probe (Chrono Boost)  
  19  1:06  Gateway  
  20  1:12  Probe (Chrono Boost)  
  20  1:17  Probe (Chrono Boost)  
  21  1:25  Cybernetics Core  
  21  1:29  Probe  
  21  1:32  Pylon  
  22  1:41  Probe  
  23  1:53  Probe  
  24  2:01  Adept x2  
  24  2:02  Warp Gate  
  24  2:05  Pylon  
  24  2:08  Probe  
  29  2:17  Stargate  
  29  2:20  Probe  
  30  2:27  Pylon  
  30  2:32  Probe  
  31  2:50  Nexus  
  31  2:52  Probe  
  31  2:58  Oracle (Chrono Boost)  
  32  3:04  Probe  
  36  3:13  Pylon  
  37  3:25  Oracle (Chrono Boost)  
  39  3:28  Twilight Council  
  39  3:31  Probe  
  40  3:38  Gateway  
  40  3:47  Probe  
  41  3:59  Probe  
  42  4:03  Probe  
  42  4:05  Blink (Chrono Boost)  
  43  4:11  Probe  
  43  4:14  Shield Battery  
  43  4:15  Probe  
  45  4:21  Stalker  
  45  4:23  Probe  
  48  4:28  Stalker  
  50  4:33  Phoenix  
  52  4:41  Shield Battery  
  52  4:44  Stalker, Shield Battery  
  53  4:52  Stalker  
  43  5:02  Stalker  
  43  5:03  Probe  
  43  5:04  Shield Battery, Probe  
  44  5:15  Stalker  
  44  5:20  Stalker  
  46  5:27  Probe  
  47  5:30  Stalker  
  48  5:39  Stalker  
  49  5:43  Probe  
  46  5:52  Stalker  
Show
View Real Time Build Order
Export as new Build Order

Harstem Protoss 

Build Orders: Phoenix Opening 

Get SALT Encoding   

  12  0:00  Probe  
  13  0:12  Probe  
  14  0:17  Pylon  
  14  0:24  Probe (Chrono Boost)  
  15  0:36  Probe (Chrono Boost), Gateway  
  16  0:45  Probe (Chrono Boost)  
  16  0:46  Assimilator  
  17  0:51  Probe  
  17  0:54  Assimilator  
  18  1:03  Probe (Chrono Boost)  
  19  1:06  Gateway  
  20  1:12  Probe (Chrono Boost)  
  20  1:17  Probe (Chrono Boost)  
  20  1:23  Cybernetics Core  
  21  1:29  Probe  
  22  1:33  Pylon  
  22  1:41  Probe  
  23  1:53  Probe  
  24  1:57  Warp Gate (Chrono Boost)  
  24  2:00  Stalker  
  28  2:05  Probe  
  29  2:08  Sentry  
  29  2:13  Pylon  
  29  2:17  Probe  
  30  2:27  Pylon  
  30  2:29  Probe  
  31  2:30  Sentry  
  31  2:34  Stalker  
  34  2:44  Phoenix  
  34  2:48  Nexus  
  34  2:53  Probe  
  35  2:59  Stalker  
  37  3:08  Pylon  
  37  3:11  Sentry  
  39  3:21  Robotics Facility  
  39  3:26  Probe  
  40  3:37  Shield Battery  
  40  3:41  Adept  
  40  3:43  Probe, Adept  
  40  3:56  Probe (Chrono Boost)  
  40  4:01  Probe (Chrono Boost)  
  38  4:05  Stalker x2  
  43  4:14  Probe (Chrono Boost)  
  43  4:15  Probe (Chrono Boost)  
  44  4:18  Stalker x2  
  46  4:27  Stalker  
  44  4:31  Stalker  
  40  4:44  Probe  
  41  4:51  Stalker  
  39  4:57  Probe  
  40  5:03  Stalker  
  42  5:09  Probe (Chrono Boost)  
  42  5:12  Probe (Chrono Boost)  
  44  5:20  Probe (Chrono Boost)  
  46  5:22  Probe (Chrono Boost)  
  46  5:25  Probe  
  41  5:32  Zealot, Probe (Chrono Boost)  
  41  5:33  Zealot  
  44  5:42  Probe (Chrono Boost)  
  45  5:44  Probe (Chrono Boost)  
  44  5:50  Probe (Chrono Boost)  
  44  5:52  Probe (Chrono Boost)  
Tags
 
Add a new tag
Caveats
  • Supply blocks, unpowered buildings, or Contaminate may cause inaccurate times.
  • Supply counts are checked every 10 seconds.